 Dungeon Crawl Stone Soup version 0.17.2-1-ge4368a0 (webtiles) character file.

161 Goblin1989 the Insei (level 5, 0/40 HPs)
             Began as a Draconian Transmuter on Oct 30, 2016.
             Succumbed to an adder's poison
             ... on level 3 of the Dungeon.
             The game lasted 00:07:41 (2233 turns).

Goblin1989 the Insei (Draconian Transmuter)         Turns: 2233, Time: 00:07:41

Health: 0/40       AC:  5    Str: 12    XL:     5   Next: 18%
Magic:  7/8        EV: 12    Int: 14    God:
Gold:   97         SH:  0    Dex: 12    Spells: 2 memorised, 5 levels left

rFire  + . .     SeeInvis .       - Unarmed
rCold  + . .     Clarity  .     (armour unavailable)
rNeg   . . .     SustAt   .     (no shield)
rPois  +         Gourm    .     (helmet restricted)
rElec  +         Spirit   .     (no cloak)
rCorr  +         Warding  .     (no gloves)
rMut   .         Stasis   .     (no boots)
MR     .....                    (no amulet)
Stlth  +.........               (no ring)
                                (no ring)

@: lethally poisoned (0 -> -4), resistant, not resistant to hostile
enchantments, very unstealthy
A: unfitting armour, cold-blooded, AC +5
a: no special abilities


You were on level 3 of the Dungeon.
You were hungry.

You visited 1 branch of the dungeon, and saw 3 of its levels.

You collected 97 gold pieces.

Inventory:

Missiles
 a - 66 arrows
Scrolls
 e - 2 scrolls of remove curse {unknown}
 f - 3 scrolls of teleportation {unknown}
 g - 2 scrolls of magic mapping {unknown}
 i - 2 scrolls of enchant armour {unknown}
 n - a scroll of identify {unknown}
Books
 b - a book of Changes

   Spells                             Type                      Level
   a - Beastly Appendage              Transmutation                1
   b - Sticks to Snakes               Transmutation                2
   c - Spider Form                    Transmutation/Poison         3
   d - Ice Form                       Ice/Transmutation            4
   e - Blade Hands                    Transmutation                5
Comestibles
 c - 2 bread rations {@e1}
 h - a meat ration {@e2}
 k - 4 fruits


   Skills:
 - Level 1.1 Fighting
 - Level 1.7 Dodging
 + Level 5.9 Unarmed Combat
 - Level 2.0 Spellcasting
 - Level 2.0 Transmutations


You had 5 spell levels left.
You knew the following spells:

 Your Spells              Type           Power        Failure   Level  Hunger
a - Beastly Appendage     Trmt           #.....       12%         1    ##.....
b - Sticks to Snakes      Trmt           #.........   17%         2    ###....


Dungeon Overview and Level Annotations

Branches:
Dungeon (3/15)

Altars:
Yredelemnul


Innate Abilities, Weirdness & Mutations

Your plain brown scales are hard (AC +5).
Your body does not fit into most forms of armour.
You are cold-blooded and may be slowed by cold attacks.


Message History

The adder is heavily wounded.
You feel sick. The adder bites you.
* * * LOW HITPOINT WARNING * * *
You take 4 damage, and have 6/40 hp.
You hit the adder.
The adder is heavily wounded.
The adder bites you but does no damage.
You completely miss the adder.
Your tail-slap misses the adder.
The adder is heavily wounded.
Your horns disappear.
* * * LOW HITPOINT WARNING * * *
You feel sick. The adder bites you.
* * * LOW HITPOINT WARNING * * *
You take 5 damage, and have 1/40 hp.
You hit the adder but do no damage.
The adder is heavily wounded.
The adder closely misses you.
You punch the adder!
You kill the adder!
You die...

█..█... █..█.█
█....█ █.████
█...........
█.███████...........
█....█.. ...........
████.█.█ █..........
█.█.█ █..........
█.█@█ █..........
█.█†█ █..........
█.█S█ █S..<....>.
█.█o█ █.o........
█.█o███..........
█.█lo..o.█▲██████
█..........█


████████████ You could see an adder, 3 orcs and a giant gecko.

Vanquished Creatures
  Ijyb (D:3)
  9 adders
  2 worms (D:2)
  4 bats
  4 giant cockroaches
  4 hobgoblins
  5 kobolds
  A quokka (D:2)
  3 giant geckos
  3 giant newts (D:2)
  9 goblins
  8 rats
  A spectral orc (D:2)
54 creatures vanquished.

Notes
Turn   | Place    | Note
--------------------------------------------------------------
     0 | D:1      | Goblin1989 the Draconian Transmuter began the quest for the Orb.
     0 | D:1      | Reached XP level 1. HP: 16/16 MP: 3/3
   313 | D:1      | Reached XP level 2. HP: 23/23 MP: 5/5
   781 | D:2      | Reached skill level 4 in Unarmed Combat
   781 | D:2      | Reached XP level 3. HP: 28/28 MP: 6/6
  1303 | D:2      | Reached skill level 5 in Unarmed Combat
  1303 | D:2      | Reached XP level 4. HP: 26/35 MP: 7/7
  1724 | D:2      | Found a basalt altar of Yredelemnul.
  1793 | D:3      | Noticed Ijyb
  1842 | D:3      | Killed Ijyb
  1995 | D:3      | Learned a level 2 spell: Sticks to Snakes
  2224 | D:3      | Reached XP level 5. HP: 14/40 MP: 6/8
  2231 | D:3      | HP: 1/40 [adder (4)]
  2233 | D:3      | Succumbed to an adder's poison

Action                   |  1- 3 |  4- 6 || total
-------------------------+-------+-------++-------
Melee: Unarmed           |   132 |   108 ||   240
 Cast: Beastly Appendage |       |     3 ||     3
  Use: Potion            |       |     4 ||     4
  Eat: Chunk             |     1 |     3 ||     4

Vault maps used:
D:1:      minmay_arrival_four_circles
D:2:      yredelemnul_forgotten_temple_becter, guppyfry_early_lair_pool
D:3:      uniq_iyjb
